[Event "Live Chess"]
[Site "Chess.com"]
[Date "2024.06.01"]
[Round "-"]
[White "CheckThis4"]
[Black "CCGoodKnightRookie"]
[Result "0-1"]
[WhiteElo "2672"]
[BlackElo "2362"]
[TimeControl "300"]
[EndTime "14:14:06 PDT"]
[Termination "CCGoodKnightRookie won by checkmate"]

1. e4 Nf6 2. e5 Nd5 3. d4 d6 4.
c4 Nb6 5. f4 g6 6. Nf3 Bg7 7.
Nc3 O-O 8. Be3 Be6 9. d5 Bg4 10. Bd4 N8d7 11. Qe2 c5 12. dxc6 bxc6 13. O-O-O c5 14.
Bf2 dxe5 15. h3 Bxf3 16. Qxf3 exf4 17. Qxf4 e5 18. Qd2 Qe7 19. Nd5 Nxd5 20. cxd5 Rab8 21.
Bc4 e4 22. b3 Qe5 23. Qe2 Qa1+ 24. Kd2 Qc3# 0-1

[Event "Live Chess"]
[Site "Chess.com"]
[Date "2024.06.01"]
[Round "-"]
[White "Duke_of_Bebington"]
[Black "ACM42"]
[Result "0-1"]
[WhiteElo "1636"]
[BlackElo "2171"]
[TimeControl "300"]
[EndTime "14:14:11 PDT"]
[Termination "ACM42 won by resignation"]

1. e4 e6 2. d4 d5 3. Nd2 Nf6 4. Bd3 c5 5. c3 Nc6 6. e5 Nd7 7. Ne2 f6 8. Nf4 cxd4 9. Qh5+ Ke7 10. Ng6+ hxg6 11. Qxh8 Ndxe5 12. Bb1 d3 13. O-O Kf7 14.
Qh3 Bd6 15. Nf3 Qb6 16. Rd1 Bd7 17. Bxd3 Nxf3+ 18. Qxf3 Ne5 19. Qe2 Bc5 20. b4 Nxd3 21. Rxd3 Bd6 22. Be3 Qc7 23. Rc1 Bb5 24. Qd2 Bxd3 25.
Qxd3 Bxh2+ 26. Kf1 Be5 27. Bd4 Rc8 28. Bxa7 b6 0-1

[Event "Live Chess"]
[Site "Chess.com"]
[Date "2024.06.01"]
[Round "-"]
[White "booktrunk"]
[Black "Bradfield133"]
[Result "0-1"]
[WhiteElo "1406"]
[BlackElo "1896"]
[TimeControl "300"]
[EndTime "14:14:13 PDT"]
[Termination "Bradfield133 won by resignation"]

1. e4 c5 2. d4 cxd4 3. Qxd4 Nf6 4. f3 Nc6 5. Qd1 d6 6. Bd3 g6 7. Ne2 Bg7 8. O-O O-O 9. Kh1 d5 10. exd5 Nxd5 11. Bc4 Nb6 12. Qxd8 Rxd8 13. Bb3 a5 14. c3 Ne5 15. Be3 Nd5 16. Bd4 Be6 17. Na3 Nc6 18. Bxg7 Kxg7 19. Rfe1 a4 20. Bc2 Nb6 21. Nb5 Rd2 22. Be4 Rxb2 23. Nc7 Rc8 24. Nxe6+ fxe6 25. Nf4 Nd8 26. h3 Rxc3 27. Reb1 a3 28.
Rxb2 axb2 29. Rb1 Rc1+ 30. Kh2 Rxb1 31. Bxb1 Nc4 32. Nd3 Na3 0-1

[Event "Live Chess"]
[Site "Chess.com"]
[Date "2024.06.01"]
[Round "-"]
[White "Cimon"]
[Black "chessfiction"]
[Result "0-1"]
[WhiteElo "1825"]
[BlackElo "2376"]
[TimeControl "300"]
[EndTime "14:14:23 PDT"]
[Termination "chessfiction won on time"]

1. d4 Nf6 2. Nf3 g6 3. c4 Bg7 4. g3 O-O 5. Bg2 d6 6. Nc3 c6 7.
O-O a6 8. Qc2 Nbd7 9. e4 e5 10.
Be3 Ng4 11. Bd2 exd4 12. Ne2 c5 13. b4 Re8 14. bxc5 dxc5 15. Bg5 Bf6 16. Bxf6 Ndxf6 17. Qd3 Nxe4 18. Nf4 Bf5 19. Qb3 Rb8 20. a4 Ngf6 21. Rad1 Nc3 22. Rde1 Be4 23. Ng5 Bxg2 24. Kxg2 Qc7 25.
h4 Qc6+ 26. f3 Ng4 27. Kh3 Ne3 28. Rf2 h6 29. Ne4 Nxe4 30. fxe4 Rxe4 31. Nd5 Qd7+ 32. Kh2 Ng4+ 33. Kg2 Rxe1 34. Qf3 h5 35. Qf4 Ne3+ 36. Kh2 Ng4+ 37. Kg2 Rbe8 38. Qxg4 Qxg4 39. Nf6+ Kg7 40.
Nxg4 hxg4 0-1

[Event "Live Chess"]
[Site "Chess.com"]
[Date "2024.06.01"]
[Round "-"]
[White "AlexanderMatlak"]
[Black "Tushinskiy"]
[Result "0-1"]
[WhiteElo "2433"]
[BlackElo "2279"]
[TimeControl "300"]
[EndTime "14:14:45 PDT"]
[Termination "Tushinskiy won on time"]

1. c4 c5 2. Nf3 d6 3. Nc3 Nc6 4.
g3 Nf6 5. Bg2 g6 6. O-O Bg7 7. d4 cxd4 8. Nxd4 Bd7 9. b3 O-O 10.
Bb2 Rc8 11. Rc1 h5 12. h3 h4 13. g4 Nxd4 14. Qxd4 Nxg4 15. Qxa7 Ne5 16. Nd5 Bc6 17. Kh1 e6 18. Nf4 Qg5 19. Qe3 Nxc4 20. Rxc4 Bxg2+ 21. Nxg2 Qxe3 22. Nxe3 Bxb2 23. Rxh4 Kg7 24. Rb4 Rc7 25. Nc4 Bc3 26. Rb5 d5 27. Ne3 Bd4 28. Rd1 Bxe3 29. fxe3 Rc2 30. Rxb7 Rxe2 31. a4 Rh8 32. Rf1 Rxh3+ 33. Kg1 Rg3+ 34. Kh1 Rgxe3 35. Rbxf7+ Kh6 36. R7f3 Re4 37. Ra1 Rh4+ 38. Kg1 Rg4+ 39. Kf1 Reg2 40. Ra3 e5 41. a5 e4 42. Rf2 Rg1+ 43. Ke2 d4 44. a6 d3+ 45. Kd2 R4g2 46. Rxg2 Rxg2+ 47. Ke3 Re2+ 48. Kf4 d2 49. a7 d1=Q 50.
a8=Q Qf1+ 51. Ke5 Qf5+ 52. Kd4 Qf2+ 53. Ke5 Qc5+ 54. Kf4 Rf2+ 0-1

[Event "Live Chess"]
[Site "Chess.com"]
[Date "2024.06.01"]
[Round "-"]
[White "ProfPoisson"]
[Black "road2gm5000"]
[Result "1-0"]
[WhiteElo "1288"]
[BlackElo "1078"]
[TimeControl "300"]
[EndTime "14:14:53 PDT"]
[Termination "ProfPoisson won by resignation"]

1. e4 c6 2. d4 d5 3. exd5 cxd5 4. c4 Nf6 5. Nc3 Nc6 6. Nf3 g6 7. Qb3 e6 8. Bg5 Bg7 9. O-O-O Qb6 10. Qc2 dxc4 11.
Bxc4 O-O 12. Na4 Qa5 13. Bd2 Qh5 14. Ne5 a6 15. Be2 Nxe5 16. Bxh5 1-0

[Event "Live Chess"]
[Site "Chess.com"]
[Date "2024.06.01"]
[Round "-"]
[White "kingside_rook"]
[Black "AndrewBak1"]
[Result "0-1"]
[WhiteElo "1949"]
[BlackElo "1870"]
[TimeControl "300"]
[EndTime "14:15:30 PDT"]
[Termination "AndrewBak1 won by resignation"]

1. e4 c5 2. Nf3 Nc6 3. Bb5 e6 4. O-O Nge7 5. c3 a6 6. Ba4 b5 7. Bc2 d5 8. d4 cxd4 9. Nxd4 Nxd4 10. Qxd4 Bb7 11. e5 Nc6 12. Qf4 Qc7 13. Re1 Ne7 14.
a4 Ng6 15. Qg3 h5 16. Bxg6 fxg6 17. Qxg6+ Qf7 18. Qf6 gxf6 0-1

[Event "Live Chess"]
[Site "Chess.com"]
[Date "2024.06.01"]
[Round "-"]
[White "NeilDruggan73"]
[Black "gmnorfolk"]
[Result "0-1"]
[WhiteElo "1750"]
[BlackElo "2079"]
[TimeControl "300"]
[EndTime "14:16:11 PDT"]
[Termination "gmnorfolk won by checkmate"]

1. d4 Nf6 2. Bg5 d5 3. Bxf6 gxf6 4. e3 c5 5. dxc5 e5 6. Nf3 Bxc5 7. c3 Nc6 8. Nbd2 Rg8 9. Nb3 Bb6 10. g3 Bg4 11.
Be2 Qd7 12. a4 O-O-O 13. a5 Bc7 14. a6 b6 15. O-O Bh3 16. Re1 h5 17. Bf1 Bg4 18.
Be2 h4 19. Nxh4 Bh3 20. Qc2 Rh8 21. Nf3 e4 22. Nfd4 Bg2 23. Bf1 Bxf1 24. Kxf1 Rxh2 25. Nxc6 Qg4 26. Nxa7+ Kb8 27. Qd1 Rh1+ 28. Kg2 Qh3# 0-1

[Event "Live Chess"]
[Site "Chess.com"]
[Date "2024.06.01"]
[Round "-"]
[White "jimwad"]
[Black "jellhhggffhjjjjjj"]
[Result "0-1"]
[WhiteElo "1280"]
[BlackElo "410"]
[TimeControl "300"]
[EndTime "14:16:17 PDT"]
[Termination "jellhhggffhjjjjjj won by resignation"]

1. d4 e5 2. dxe5 Nc6 3. Nf3 d6 4. exd6 Bxd6 5. Nc3 Bg4 6. h3 Bf5 7. e3 Nb4 8. Bd3 Nxd3+ 9. cxd3 Nf6 10. O-O Qd7 11.
g4 Bxg4 12. hxg4 Qxg4+ 13. Kh1 O-O-O 14. Ne4 Nxe4 15. dxe4 Qh3+ 16. Kg1 g5 17. e5 g4 18. Ng5 Qh4 19. Nxf7 Bxe5 20. Qxd8+ Rxd8 21. Nxe5 Rg8 22. e4 g3 23. Kg2 gxf2+ 24. Kf3 Rf8+ 25. Ke2 Qh5+ 26. Kd3 Qxe5 27. Be3 Re8 28. Bxf2 Qxe4+ 29. Kc3 Qf3+ 30. Kc2 Re6 31. Rad1 Rc6+ 32. Kb1 Qe4+ 33. Ka1 b6 34. Bg3 Kb7 35. Rfe1 Qf3 36. Bh4 Rc5 37. Be7 Ra5 38. Rf1 Qc6 39. Bf6 Qa4 40. a3 Qb3 41.
Rb1 b5 42. Bc3 b4 43. Bxb4 Qxb4 0-1

[Event "Live Chess"]
[Site "Chess.com"]
[Date "2024.06.01"]
[Round "-"]
[White "MagnersCarlsberg2870"]
[Black "educatedlad"]
[Result "1-0"]
[WhiteElo "1779"]
[BlackElo "1706"]
[TimeControl "300"]
[EndTime "14:16:40 PDT"]
[Termination "MagnersCarlsberg2870 won by checkmate"]

1. d4 Nf6 2. Nf3 g6 3. Nc3 d5 4. Bf4 Bg7 5. Qd2 O-O 6. h4 Nh5 7. Bg5 f6 8. Bh6 Nd7 9. Bxg7 Nxg7 10. g4 e5 11. h5 exd4 12. Qxd4 Ne6 13. Qxd5 Nb6 14.
Qxd8 Rxd8 15. hxg6 hxg6 16. e3 Bd7 17. a4 Bc6 18.
Bg2 Ng5 19. Ke2 Nc4 20. Rh6 Kg7 21. Rah1 Ne5 22. Nxg5 fxg5 23. Rh7+ Kf6 24. Bxc6 Nxc6 25. Ne4+ Ke5 26. Nxg5 Kf6 27. Ne4+ Ke5 28. Nc3 Nb4 29.
Rxc7 Nxc2 30. Rhh7 Nb4 31. f4+ Kf6 32. Rhf7+ Ke6 33. g5 Rac8 34. Rf6# 1-0

[Event "Live Chess"]
[Site "Chess.com"]
[Date "2024.06.01"]
[Round "-"]
[White "CarmelJane"]
[Black "AnotherOneBadPlayer"]
[Result "0-1"]
[WhiteElo "2087"]
[BlackElo "2215"]
[TimeControl "300"]
[EndTime "14:17:04 PDT"]
[Termination "AnotherOneBadPlayer won by resignation"]

1. e4 e6 2. d4 d5 3. Nd2 Nf6 4. e5 Nfd7 5. f4 c5 6. c3 Nc6 7. Ndf3 Qb6 8. a3 a5 9. b3 Be7 10. h4 O-O 11. h5 h6 12. Nh3 f6 13. Bd3 fxe5 14. fxe5 cxd4 15. cxd4 Rxf3 16. gxf3 Qxd4 17. Bxh6 Qxe5+ 18. Kf1 gxh6 19. Qd2 Qxa1+ 20. Kg2 Qf6 21. Nf4 Bd6 22. Ng6 Qg5+ 23. Qxg5 hxg5 24. h6 Nf6 0-1

[Event "Live Chess"]
[Site "Chess.com"]
[Date "2024.06.01"]
[Round "-"]
[White "GEMdzq"]
[Black "Brooms1989"]
[Result "1-0"]
[WhiteElo "2315"]
[BlackElo "1125"]
[TimeControl "300"]
[EndTime "14:17:10 PDT"]
[Termination "GEMdzq won by resignation"]

1. e4 e5 2. d4 exd4 3. c3 d5 4. exd5 Qxd5 5. cxd4 Nf6 6. Nc3 Bb4 7. Bd2 Bxc3 8.
Bxc3 O-O 9. Nf3 Re8+ 10. Be2 Ne4 11. O-O Nxc3 12. bxc3 Nd7 13. c4 Qe6 14. Re1 Qf6 15. Bd3 Rxe1+ 16. Qxe1 g6 17. Qe8+ Nf8 18. Re1 Kg7 19.
h4 Ne6 20. h5 Ng5 21. h6+ Kxh6 22. Qf8+ Kh5 23. Nxg5 Qxg5 24. Be2+ Kh4 25. g3+ Kh3 26. Bf1+ Kg4 27. Re4+ Kh5 28. Be2+ Bg4 29. Bxg4+ Qxg4 30. Re5+ g5 31. Qxf7+ Kh6 32. Re6+ Qxe6 33. Qxe6+ Kh5 34. g4+ 1-0

[Event "Live Chess"]
[Site "Chess.com"]
[Date "2024.06.01"]
[Round "-"]
[White "FlyingChessKestrel13"]
[Black "koekoekoe"]
[Result "1-0"]
[WhiteElo "2077"]
[BlackElo "2010"]
[TimeControl "300"]
[EndTime "14:17:14 PDT"]
[Termination "FlyingChessKestrel13 won by resignation"]

1. e4 d5 2. e5 c5 3. f4 Nc6 4.
Nf3 Bf5 5. d3 e6 6. Be2 Nd4 7.
Nxd4 cxd4 8. O-O Rc8 9. g4 Bg6 10. f5 Qh4 11. fxg6 hxg6 12. Bf4 Ne7 13. Nd2 Nc6 14.
Bg3 Qg5 15. Nf3 Qd8 16. Kg2 Be7 17. c3 dxc3 18. bxc3 O-O 19. d4 Qa5 20. Qd3 Ba3 21. Rab1 Qc7 22. Rb3 Be7 23. h4 Na5 24. Rb5 Nc4 25.
h5 gxh5 26. Rh1 h4 27. Bxh4 Bxh4 28. Rxh4 g6 29. Rb1 Kg7 30. Rbh1 Rh8 31. Ng5 Rxh4 32. Rxh4 Rh8 33. Rxh8 Kxh8 34. Qh3+ Kg7 35. Qh7+ Kf8 36.
Qh8+ Ke7 37. Qf6+ Ke8 38. Bxc4 dxc4 39. d5 exd5 40. e6 fxe6 41. Qxg6+ Kd8 42. Nxe6+ 1-0

[Event "Live Chess"]
[Site "Chess.com"]
[Date "2024.06.01"]
[Round "-"]
[White "AndyJWise"]
[Black "Tushinskiy"]
[Result "0-1"]
[WhiteElo "1045"]
[BlackElo "2279"]
[TimeControl "300"]
[EndTime "14:17:33 PDT"]
[Termination "Tushinskiy won by resignation"]

1. d4 d5 2. c4 c6 3. Nc3 Nf6 4. h3 e6 5. Nf3 Bd6 6. Bg5 Nbd7 7. cxd5 exd5 8. e3 Qb6 9. Bxf6 Nxf6 10. Ne5 Qxb2 11. Qc1 Ba3 12. Rb1 Qxc1+ 13. Rxc1 Bxc1 14. Bd3 Bb2 15. Na4 Ba3 16. O-O Be6 17. Nc5 Bxc5 18.
dxc5 Nd7 19. Nxd7 Kxd7 20. Rb1 Kc7 21. a4 g6 22. f4 Rhd8 23. g4 f5 24. gxf5 Bxf5 25.
Bxf5 gxf5 26. Kf2 d4 27. exd4 Rxd4 28. Ke3 Rad8 29. Rb3 Re4+ 30. Kf3 Rdd4 0-1

[Event "Live Chess"]
[Site "Chess.com"]
[Date "2024.06.01"]
[Round "-"]
[White "oscalik"]
[Black "WelshTiger"]
[Result "1/2-1/2"]
[WhiteElo "2328"]
[BlackElo "2516"]
[TimeControl "300"]
[EndTime "14:17:35 PDT"]
[Termination "Game drawn by repetition"]

1. e4 c6 2. Nc3 d5 3. Qf3 dxe4 4. Nxe4 Nf6 5. b3 Nxe4 6. Qxe4 Qd5 7. Qe3 Bf5 8. Bb2 Bxc2 9. d3 a5 10. Qd2 Bxb3 11. axb3 Qxb3 12. Nf3 a4 13. Qc3 Qxc3+ 14. Bxc3 f6 15. d4 Nd7 16. Bc4 Nb6 17. Be6 Nd5 18.
Bxd5 cxd5 19. O-O e6 20. Rfb1 Ra7 21. Bb4 Kd7 22. Bxf8 Rxf8 23. Rb4 Rfa8 24. Kf1 Kc6 25. Ke2 b5 26. Ne1 e5 27. Nc2 a3 28. Kd3 a2 29. Rb2 Kb6 30. dxe5 fxe5 31. Nb4 Ra3+ 32. Kd2 Kc5 33. Raxa2 Rxa2 34. Nxa2 d4 35. Rc2+ Kd5 36.
Nb4+ Ke4 37. f3+ Kf4 38. Nd3+ Kf5 39. Rb2 Ra5 40. Nf2 g5 41. Ne4 h5 42. Nd6+ Kf4 43. Nxb5 g4 44. Ke2 gxf3+ 45. gxf3 d3+ 46. Kxd3 Kxf3 47.
Nc3 Ra3 48. Rb8 e4+ 49. Kd4 Kg2 50. h4 Kg3 51. Rg8+ Kxh4 52. Nxe4 Ra4+ 53. Ke5 Ra5+ 54. Kf4 Ra7 55. Rg1 Rf7+ 56. Ke3 Rf8 57. Nf2 Re8+ 58. Kf3 Rf8+ 59. Ke3 Re8+ 60. Kf4 Rf8+ 61. Ke3 1/2-1/2

[Event "Live Chess"]
[Site "Chess.com"]
[Date "2024.06.01"]
[Round "-"]
[White "PughmanChess"]
[Black "kylet1990"]
[Result "1-0"]
[WhiteElo "1379"]
[BlackElo "734"]
[TimeControl "300"]
[EndTime "14:17:48 PDT"]
[Termination "PughmanChess won by resignation"]

1. e4 c6 2. d4 d5 3. e5 Bf5 4. Bd3 Bxd3 5. Qxd3 e6 6. Nf3 c5 7. Qb5+ Nc6 8. dxc5 a6 9. Qxb7 Na5 10. Qb6 Nc4 11.
Qxd8+ Rxd8 12. b4 Ne7 13. Nbd2 Nf5 14. Nxc4 dxc4 15. c3 g6 16. O-O Bg7 17. Re1 f6 18. exf6 Bxf6 19. Ng5 Bxc3 20. Rxe6+ Kd7 21. c6+ Kc7 22.
Bf4+ Kb6 23. c7+ Kb7 24. cxd8=N+ Rxd8 25. Rb1 Rd2 26. Bxd2 1-0

[Event "Live Chess"]
[Site "Chess.com"]
[Date "2024.06.01"]
[Round "-"]
[White "JohanKjeldahl"]
[Black "KeithArkell"]
[Result "1-0"]
[WhiteElo "1896"]
[BlackElo "2431"]
[TimeControl "300"]
[EndTime "14:18:17 PDT"]
[Termination "JohanKjeldahl won by resignation"]

1. c4 b6 2. d4 Bb7 3. Nc3 e6 4. e4 Bb4 5. f3 Bxc3+ 6. bxc3 Ne7 7. Bd3 d6 8. Ne2 Nd7 9. O-O e5 10. Be3 f6 11. Qd2 O-O 12. a4 a5 13. f4 exf4 14.
Nxf4 Rf7 15. Ne6 Qc8 16. d5 Ne5 17. Rf4 N7g6 18. Rf5 Qb8 19. Raf1 Bc8 20. Bd4 Bxe6 21.
dxe6 Re7 22. Bxe5 Nxe5 23. Rxe5 dxe5 24. c5 Qd8 25. Qe2 bxc5 26. Bc4 Kh8 27. Rd1 Qe8 28. Qe3 Rxe6 29. Bxe6 Qxe6 30. Qxc5 Qb6 31. Rd5 Qxc5+ 32. Rxc5 Ra7 33. Kf2 Kg8 34. Ke3 Kf7 35. Kd3 Ke7 36.
Kc4 Kd6 37. Rd5+ Kc6 38. Rc5+ Kb6 39. Rb5+ Kc6 40. Rc5+ Kd7 41. Rd5+ Kc8 42. Kc5 Rb7 43. Rd2 Rb3 44. Kc4 Rb6 45. Kc5 h5 46. h4 Rb3 47. Kc4 Rb1 48. Rd5 Rg1 49. Rxa5 Rxg2 50. Ra8+ Kb7 51. Rg8 Rg4 52. Kd5 c6+ 53. Kc5 Rxe4 54.
Rxg7+ Ka6 55. Kxc6 Rxa4 56. Rg6 Rf4 57. Kd5 Kb5 58.
c4+ Kb4 59. c5 Rd4+ 60. Kc6 f5 61. Kb6 f4 62. c6 f3 63. Rf6 e4 64. c7 Rc4 65.
Kb7 Kc3 66. c8=Q Rxc8 67. Kxc8 Kd2 68. Kd7 Ke2 69. Ke6 f2 70. Ke5 e3 71. Ke4 f1=Q 72. Rxf1 Kxf1 73. Kxe3 Ke1 74. Kf4 Ke2 75. Kg5 Ke3 76.
Kxh5 Ke4 77. Kg6 Ke5 78. h5 Ke6 79. h6 Ke7 80. h7 1-0

[Event "Live Chess"]
[Site "Chess.com"]
[Date "2024.06.01"]
[Round "-"]
[White "Dhaydon19"]
[Black "blunderabit"]
[Result "1-0"]
[WhiteElo "2679"]
[BlackElo "1774"]
[TimeControl "300"]
[EndTime "14:18:17 PDT"]
[Termination "Dhaydon19 won on time"]

1. d3 Nf6 2. Nf3 b6 3. g3 Bb7 4. Bg2 c5 5. Nh4 Bxg2 6. Nxg2 Qc8 7. O-O d6 8. e4 Nbd7 9. Nc3 g6 10. f4 Bg7 11. Be3 O-O 12. h3 Ne8 13. Nd5 Qd8 14. d4 e6 15. Nc3 f5 16. d5 e5 17. exf5 gxf5 18. Qh5 Qf6 19. Nh4 e4 20. g4 fxg4 21.
hxg4 Qf7 22. Qxf7+ Rxf7 23. Nf5 Bxc3 24. bxc3 Ndf6 25. Nh6+ Kg7 26. Nxf7 Kxf7 27. c4 Nxg4 28. Rae1 Nef6 29. Bc1 Rg8 30. Kh1 h5 31. Re2 Kg6 32. f5+ Kf7 33. Bf4 Ke7 34. Rg2 Kd7 35. a4 Re8 36.
Re2 Re7 37. Kg2 Re8 38. Kh3 a6 39. Rb1 Kc7 40. Kh4 Rg8 41. Bg5 1-0

[Event "Live Chess"]
[Site "Chess.com"]
[Date "2024.06.01"]
[Round "-"]
[White "NeilDruggan73"]
[Black "ggosyaa"]
[Result "1-0"]
[WhiteElo "1750"]
[BlackElo "588"]
[TimeControl "300"]
[EndTime "14:18:28 PDT"]
[Termination "NeilDruggan73 won by checkmate"]

1. d4 d5 2. Bg5 Nc6 3. Nf3 e6 4.
Bxd8 Nxd8 5. c4 dxc4 6. e4 Nc6 7.
Bxc4 Bb4+ 8. Nc3 Nf6 9. e5 Ne4 10. O-O Nxc3 11. bxc3 Bxc3 12. Rb1 b6 13. Bb5 Bb7 14.
Qa4 O-O 15. Bxc6 Bxc6 16. Qxc6 Rad8 17. Qxc3 Rfe8 18. Qd3 c5 19. Ng5 c4 20. Qxh7+ Kf8 21. Qh8+ Ke7 22. Qxg7 c3 23. Qxf7# 1-0

[Event "Live Chess"]
[Site "Chess.com"]
[Date "2024.06.01"]
[Round "-"]
[White "Delacorta"]
[Black "upoe610"]
[Result "0-1"]
[WhiteElo "1587"]
[BlackElo "2248"]
[TimeControl "300"]
[EndTime "14:18:33 PDT"]
[Termination "upoe610 won by resignation"]

1. d4 Nf6 2. Nf3 c5 3. e3 d5 4. Bd3 Nc6 5. b3 g6 6. Bb2 cxd4 7. exd4 Bg7 8. O-O O-O 9. Nbd2 Bg4 10. Be2 Bf5 11. c3 a5 12. Ba3 Re8 13. Rc1 Ne4 14. Nxe4 Bxe4 15. Nd2 Bf5 16. Bg4 Qd7 17. Bxf5 Qxf5 18.
Nf3 a4 19. b4 Na7 20. Re1 Nb5 21. Bb2 a3 22. Ba1 Rac8 23. Qd2 Nd6 24. Qc2 Qxc2 25. Rxc2 Nc4 26. Rce2 e6 27. Nd2 Nxd2 28. Rxd2 Rc4 29. Rde2 Rec8 30. h3 b5 31. Re3 Kf8 32.
Rf3 Ke8 33. Rg3 h5 34. f4 Bh6 35. Rf3 Ke7 36. f5 gxf5 37. Rxf5 Bd2 38. Re2 Bxc3 39. Bxc3 Rxc3 40. Rxh5 Rc2 41. Rhe5 Rb2 42. h4 Rc1+ 43.
Kh2 Rcc2 44. Rxc2 Rxc2 45. Re1 Rxa2 46. h5 Kf6 47. Kh3 Rb2 48. Kh4 Rxb4 49. g4 Rxd4 50. h6 Kg6 51. Rf1 f5 52. h7 Rxg4+ 0-1

[Event "Live Chess"]
[Site "Chess.com"]
[Date "2024.06.01"]
[Round "-"]
[White "lyricalschemes"]
[Black "agamilewska"]
[Result "1-0"]
[WhiteElo "2398"]
[BlackElo "1764"]
[TimeControl "300"]
[EndTime "14:18:42 PDT"]
[Termination "lyricalschemes won on time"]

1. e4 e5 2. Nc3 Nc6 3. Bc4 Nf6 4. d3 Bb4 5. Ne2 d6 6. O-O O-O 7. Bg5 h6 8. Bh4 Be6 9. f4 Bxc4 10. dxc4 exf4 11. Bxf6 Qxf6 12. Nd5 Qxb2 13. Rb1 Qa3 14.
Rb3 Qxa2 15. Nxb4 Nxb4 16. Rxb4 b6 17. Nxf4 a5 18. Rb1 Qxc4 19. Re1 a4 20. Nd5 a3 21.
Qd3 Qc5+ 22. Kh1 a2 23. Ra1 Ra3 24. Qe2 Rfa8 25. c4 c6 26. Ne7+ Kf8 27. Nf5 b5 28. cxb5 cxb5 29. Qb2 f6 30. Rec1 Qe5 31. Qb4 R8a4 32.
Qxd6+ Qxd6 33. Nxd6 b4 34. Nc4 Rc3 35. Rxc3 bxc3 36. Nb6 Rxe4 37. h3 c2 38. Nd5 Rd4 39. Nc3 Rc4 40. Nxa2 Ra4 41. Kh2 Rxa2 42. Rc1 Rb2 43.
Kg3 Ke7 44. Kf3 Ke6 45. Ke3 Ke5 46. Kd3 Kf4 47. Kc3 Ra2 48. Kb3 Ra6 49. Rxc2 Rd6 50. Rc3 Rd2 51. Rf3+ Ke4 52. Kc4 Rxg2 53. Ra3 Rc2+ 54.
Kb3 Rh2 55. Kc4 Kf4 56. Kd5 f5 57. Ke6 Re2+ 58. Kf7 g5 59. Kg6 Re6+ 60. Kh5 g4 61.
hxg4 fxg4 62. Ra4+ Kg3 63. Rxg4+ Kh3 64. Ra4 Rf6 65.
Ra3+ Kg2 66. Ra2+ Kg3 67. Ra1 Kg2 68. Ra8 Kg3 69. Rg8+ Kf4 70. Rg1 Ke5 71. Re1+ Kf5 72. Ra1 Rc6 73. Ra5+ Kf6 74. Kxh6 Ke7+ 75. Kg5 Re6 76.
Ra7+ Kd6 77. Kf5 Re1 78. Ra6+ Kc7 79. Ra7+ Kb8 80. Ra3 Kb7 81. Kg4 Kb8 82. Kf3 Kb7 83. Rb3+ Kc7 84. Kf2 Re8 85. Rc3+ Kd7 86. Rh3 Ke7 87.
Re3+ Kd7 88. Rd3+ 1-0

[Event "Live Chess"]
[Site "Chess.com"]
[Date "2024.06.01"]
[Round "-"]
[White "Zhevzh1k7"]
[Black "GwaryTek"]
[Result "0-1"]
[WhiteElo "1105"]
[BlackElo "1920"]
[TimeControl "300"]
[EndTime "14:18:44 PDT"]
[Termination "GwaryTek won by resignation"]

1. e4 Nf6 2. e5 Nd5 3. c4 Nb6 4. d4 d6 5. Nc3 dxe5 6. dxe5 Qxd1+ 7. Nxd1 Nc6 8. Bf4 Be6 9. c5 O-O-O 10. cxb6 axb6 11.
Ne2 Nb4 12. Rc1 Nd3+ 13. Kd2 Nxf4+ 14. Kc2 Bf5+ 15. Kb3 Nd3 16. Rc3 Nc5+ 17. Ka3 Rxd1 18. Ng3 e6 19. Bc4 Rxh1 20. Nxh1 Ne4+ 21. Kb3 Nxc3 22.
Kxc3 Bc5 23. f4 Rd8 24. Nf2 Bxf2 0-1

[Event "Live Chess"]
[Site "Chess.com"]
[Date "2024.06.01"]
[Round "-"]
[White "dhairyapandyauk"]
[Black "chessfiction"]
[Result "0-1"]
[WhiteElo "1702"]
[BlackElo "2376"]
[TimeControl "300"]
[EndTime "14:18:50 PDT"]
[Termination "chessfiction won by checkmate"]

1. e4 e5 2. c3 d6 3. d3 f5 4. f4 Nf6 5. Qf3 Nc6 6. Be3 g6 7. exf5 Bxf5 8. d4 e4 9. Qe2 Ng4 10. h3 Nxe3 11. Qxe3 Bg7 12. Ne2 O-O 13. Nd2 Ne7 14. c4 c5 15. d5 Bxb2 16. Rb1 Bf6 17.
Rxb7 Qa5 18. Qb3 Bd4 19. Nxd4 cxd4 20. Kd1 e3 21. Nf3 Be4 22. Nxd4 Qd2# 0-1

[Event "Live Chess"]
[Site "Chess.com"]
[Date "2024.06.01"]
[Round "-"]
[White "CCGoodKnightRookie"]
[Black "road2gm5000"]
[Result "1-0"]
[WhiteElo "2362"]
[BlackElo "1078"]
[TimeControl "300"]
[EndTime "14:18:50 PDT"]
[Termination "CCGoodKnightRookie won by resignation"]

1. d4 d5 2. Nc3 Nf6 3. Bf4 Bf5 4. e3 e6 5. Nf3 Bd6 6. Ne5 Nc6 7. g4 Be4 8. f3 Bg6 9. h4 h6 10. Nxg6 fxg6 11. Bd3 Kf7 12. Bxd6 Qxd6 13. f4 Rhe8 14. Qf3 Nb4 15. g5 hxg5 16. hxg5 Nxd3+ 17. cxd3 Nh5 18. O-O-O c5 19. Rxh5 gxh5 20. Qxh5+ Kg8 21. g6 Kf8 22.
Qh8+ Ke7 23. Qxg7+ Kd8 24. dxc5 Qxc5 25. d4 Qe7 26.
Qe5 Kd7 27. Rh1 Rg8 28. Rh7 1-0

[Event "Live Chess"]
[Site "Chess.com"]
[Date "2024.06.01"]
[Round "-"]
[White "AndrewBak1"]
[Black "ProfPoisson"]
[Result "1-0"]
[WhiteElo "1871"]
[BlackElo "1287"]
[TimeControl "300"]
[EndTime "14:19:13 PDT"]
[Termination "AndrewBak1 won by checkmate"]

1. e4 e5 2. Nf3 Nf6 3. Nxe5 Nxe4 4. Qe2 Qe7 5. Qxe4 d6 6. d4 dxe5 7. Qxe5 Qxe5+ 8. dxe5 Nc6 9. f4 Bf5 10. Bd3 Bxd3 11. cxd3 Nb4 12. Na3 Nxd3+ 13. Ke2 O-O-O 14. Be3 Bxa3 15. bxa3 Rhe8 16. Rhd1 f6 17. Rxd3 fxe5 18.
Rxd8+ Rxd8 19. fxe5 Re8 20. Bf4 h6 21. h4 g5 22. hxg5 hxg5 23. Bg3 Kd7 24. Rf1 c5 25. Rf7+ Kc6 26. Kd3 b5 27. Rxa7 Rd8+ 28. Ke4 Rd4+ 29. Kf5 c4 30. e6 c3 31. Rc7+ Kb6 32. Rxc3 Rd5+ 33. Kf6 Rd2 34. e7 Rxg2 35. e8=Q b4 36. axb4 g4 37. Qc6+ Ka7 38. Ra3# 1-0

[Event "Live Chess"]
[Site "Chess.com"]
[Date "2024.06.01"]
[Round "-"]
[White "FlyingChessKestrel13"]
[Black "f4nomore"]
[Result "1-0"]
[WhiteElo "2077"]
[BlackElo "1229"]
[TimeControl "300"]
[EndTime "14:20:20 PDT"]
[Termination "FlyingChessKestrel13 won by resignation"]

1. e4 g6 2. d4 Bg7 3. Nc3 d6 4. Nf3 Nf6 5. Bd3 O-O 6. O-O Nbd7 7. Re1 b6 8. e5 dxe5 9. dxe5 Ng4 10. Bf4 e6 11. h3 Nh6 12. Bg5 f6 13. exf6 Nxf6 14. Ne4 Nxe4 15. Bxd8 Rxd8 16. Rxe4 Bb7 17. Re1 c5 18.
Qe2 e5 19. Bc4+ Kh8 20. Nxe5 Re8 21. Nf7+ Nxf7 22. Qxe8+ Rxe8 23. Rxe8+ Bf8 24. Rxf8+ Kg7 25. Rxf7+ Kh6 26. Rxb7 1-0

[Event "Live Chess"]
[Site "Chess.com"]
[Date "2024.06.01"]
[Round "-"]
[White "nigelst"]
[Black "Ferrarifan27"]
[Result "0-1"]
[WhiteElo "1663"]
[BlackElo "2073"]
[TimeControl "300"]
[EndTime "14:20:33 PDT"]
[Termination "Ferrarifan27 won on time"]

1. e4 e5 2. Nf3 Nc6 3. Bb5 a6 4. Bxc6 dxc6 5. O-O Bg4 6. h3 h5 7. d3 Qf6 8. Be3 g5 9. Nbd2 Ne7 10. Bxg5 Bxf3 11.
Bxf6 Bxd1 12. Bxh8 Bxc2 13. Bxe5 Bxd3 14. Rfd1 O-O-O 15.
Rac1 Be2 16. Bc3 Bxd1 17. Rxd1 Bh6 18. Kf1 Ng6 19. g3 c5 20. f4 Nf8 21. Ke2 h4 22. Kf3 Rd3+ 23. Ke2 Rxg3 24. Nf3 Bxf4 25. Nxh4 Rxh3 26.
Nf5 Ne6 27. Rg1 Rh2+ 28. Kf3 Rh3+ 29. Kg4 Rd3 30. Rh1 b6 31. Ne7+ Kb7 32. Rh7 Rd7 33. Nd5 Bg5 34. Nf6 Bxf6 35. Bxf6 b5 36. a3 b4 37. axb4 cxb4 38. Rh3 c5 39. Be5 a5 40. Rh8 a4 41. Rb8+ Kc6 42. Ra8 Kb5 43. Rb8+ Kc4 44. Ra8 Kb3 45. Bf6 c4 46. Rb8 a3 47. bxa3 Kxa3 48.
Ra8+ Kb3 49. Rb8 c3 50. Rc8 Rc7 51. Rb8 c2 0-1

[Event "Live Chess"]
[Site "Chess.com"]
[Date "2024.06.01"]
[Round "-"]
[White "Mangoalo"]
[Black "Silverback7829"]
[Result "1-0"]
[WhiteElo "1068"]
[BlackElo "914"]
[TimeControl "300"]
[EndTime "14:20:35 PDT"]
[Termination "Mangoalo won by checkmate"]

1. f4 d5 2. Nf3 Nc6 3. c4 dxc4 4. Nc3 Nf6 5. e3 Bg4 6. Bxc4 Bxf3 7. Qxf3 e6 8. g4 Qd7 9. g5 Nh5 10. Qxh5 g6 11.
Qf3 Nb4 12. O-O c6 13. d4 Qc7 14. Bd2 Nc2 15. Rac1 Nb4 16. a3 Na6 17. Bxa6 bxa6 18. b4 Be7 19. d5 exd5 20. Nxd5 Qb8 21. Nxe7 Kxe7 22. Qe4+ Kf8 23. Bc3 Qc7 24. Bxh8 Rd8 25. Rxc6 Qd7 26. Qc4 Qg4+ 27. Kh1 Kg8 28. Qc3 Qe2 29.
Qg7# 1-0